Map: Ever Dream LE

Players

Denver - Winner!

  • Race: Zerg Zerg
  • Spawn Location: 7:00

soO

  • Race: Zerg Zerg
  • Spawn Location: 1:00

Event: StayAtHomestory Cup #2

VOD

Have the link to the VOD?

Description

Time

  • Played on: June 11, 2020, 8:02 a.m.
  • Length: 8:57

All games in this series

Show
View Real Time Build Order
Export as new Build Order

Denver Zerg - Winner!

Build Orders: Hatch First 

Get SALT Encoding   

  12  0:00  Drone  
  13  0:12  Overlord  
  13  0:17  Drone  
  14  0:31  Drone x2  
  16  0:48  Hatchery  
  15  0:52  Drone  
  15  0:55  Drone  
  17  0:57  Drone  
  18  1:08  Extractor  
  17  1:14  Spawning Pool  
  17  1:17  Drone  
  17  1:20  Drone  
  18  1:30  Drone  
  19  1:39  Drone  
  20  1:51  Drone  
  21  2:00  Overlord  
  21  2:01  Queen x2  
  21  2:02  Zergling x2  
  21  2:08  Metabolic Boost  
  26  2:11  Drone x2  
  28  2:22  Zergling x2  
  29  2:23  Drone  
  30  2:34  Hatchery  
  30  2:36  Drone  
  30  2:39  Drone  
  31  2:45  Drone x2  
  33  2:53  Overlord  
  33  2:55  Baneling Nest  
  33  2:58  Drone  
  33  3:04  Drone  
  33  3:05  Drone  
  35  3:08  Zergling x2  
  35  3:12  Overlord  
  36  3:13  Zergling x4  
  36  3:14  Drone  
  36  3:18  Drone  
  40  3:22  Drone x2  
  42  3:27  Queen  
  43  3:36  Evolution Chamber, Drone  
  43  3:37  Drone  
  44  3:41  Drone x4  
  44  3:44  Baneling x2  
  44  3:46  Drone  
  49  3:50  Zergling x2  
  49  3:51  Zergling x4  
  52  3:56  Drone x2  
  52  3:59  Overlord  
  52  4:00  Drone  
  55  4:03  Zerg Missile Weapons Level 1  
  55  4:05  Baneling  
  55  4:08  Drone x2  
  57  4:16  Roach Warren  
  55  4:19  Drone x4  
  55  4:20  Drone  
  55  4:22  Extractor  
  59  4:24  Extractor  
  59  4:27  Lair  
  59  4:30  Overlord  
  58  4:33  Drone x3  
  58  4:37  Overlord  
  61  4:44  Overlord  
  58  4:47  Overlord  
  57  4:54  Overlord  
  57  4:57  Roach x3  
  57  4:58  Roach  
  66  5:00  Extractor, Drone x3  
  66  5:02  Spine Crawler  
  66  5:05  Roach  
  66  5:06  Roach  
  70  5:11  Roach x2  
  73  5:16  Roach  
  73  5:17  Roach  
  77  5:23  Roach  
  77  5:24  Roach, Overlord  
  77  5:27  Roach x2  
  85  5:30  Roach  
  85  5:32  Overlord  
  85  5:33  Roach  
  85  5:35  Overlord  
  89  5:37  Roach x2  
  89  5:41  Roach  
  95  5:44  Roach x2  
  95  5:49  Roach x2  
  103  5:50  Overlord  
  103  5:53  Roach x2  
  103  5:56  Overlord  
  107  5:58  Roach x2  
  107  6:02  Queen  
  111  6:07  Roach x2  
  115  6:12  Glial Reconstitution  
  115  6:14  Zergling x6  
  117  6:21  Ravager  
  117  6:22  Zergling x2  
  117  6:23  Zergling x10  
  117  6:24  Zergling x2  
  125  6:31  Ravager  
  125  6:32  Zergling x12  
  132  6:36  Overlord  
  132  6:39  Ravager  
  133  6:49  Overlord  
  133  6:50  Roach x2  
  133  6:52  Overlord  
  137  6:56  Roach x3  
  142  7:02  Roach  
  142  7:05  Overlord  
  142  7:07  Overlord  
  144  7:08  Overlord  
  144  7:13  Baneling x7  
  143  7:19  Roach x2  
  143  7:21  Overlord  
  147  7:23  Overlord  
  147  7:28  Roach x3  
  145  7:34  Roach x3  
  151  7:42  Roach  
  151  7:43  Roach x2  
  155  7:46  Roach x2  
  137  7:55  Roach  
  137  7:56  Roach x3  
  128  8:00  Roach  
  128  8:01  Roach  
  117  8:07  Roach x2, Zergling x10  
  117  8:08  Zergling x4  
  127  8:15  Roach x3  
  133  8:26  Roach x3  
  131  8:35  Roach x3  
Show
View Real Time Build Order
Export as new Build Order

soO Zerg 

Build Orders: Hatch First 

Get SALT Encoding   

  12  0:01  Drone  
  13  0:12  Overlord  
  13  0:17  Drone  
  14  0:30  Drone  
  14  0:31  Drone  
  16  0:48  Hatchery  
  15  0:51  Drone  
  15  0:54  Drone  
  17  0:58  Drone  
  18  1:08  Extractor  
  17  1:13  Spawning Pool  
  17  1:16  Drone  
  17  1:19  Drone  
  18  1:28  Drone  
  19  1:39  Drone  
  20  1:52  Overlord  
  20  2:00  Queen x2  
  24  2:01  Drone  
  24  2:02  Zergling x2  
  26  2:11  Drone x2, Metabolic Boost  
  29  2:22  Drone  
  29  2:23  Drone  
  30  2:32  Hatchery  
  30  2:35  Drone  
  30  2:44  Queen  
  30  2:47  Drone  
  30  2:48  Drone  
  34  2:56  Drone, Baneling Nest  
  34  3:00  Overlord  
  34  3:02  Drone  
  34  3:04  Drone  
  36  3:19  Zergling x6  
  39  3:20  Zergling x2  
  39  3:23  Drone, Zergling x2  
  39  3:24  Overlord  
  42  3:30  Drone  
  42  3:31  Drone  
  44  3:41  Overlord  
  44  3:43  Drone x4  
  44  3:47  Zergling x2  
  49  3:50  Evolution Chamber, Drone  
  49  3:54  Baneling x2  
  49  3:55  Drone x4  
  53  4:00  Zergling x2  
  54  4:04  Extractor x2  
  54  4:08  Roach Warren  
  52  4:10  Drone x2  
  52  4:15  Drone  
  52  4:16  Drone x2  
  52  4:17  Drone  
  52  4:29  Zergling x6  
  55  4:32  Overlord  
  53  4:54  Roach x10  
  73  5:00  Overlord  
  73  5:01  Overlord  
  73  5:04  Overlord  
  73  5:08  Overlord  
  73  5:13  Overlord  
  73  5:14  Overlord  
  73  5:16  Overlord  
  73  5:17  Zergling x2  
  74  5:23  Roach x4, Zergling x2  
  83  5:28  Zergling x4  
  83  5:31  Zergling x2  
  85  5:38  Baneling  
  85  5:39  Baneling x5  
  85  5:40  Ravager x3  
  88  5:43  Zergling x10  
  88  5:48  Ravager x2  
  95  5:52  Zergling x10  
  100  6:08  Zergling x6  
  94  6:15  Ravager  
  97  6:18  Roach x5  
  97  6:19  Roach, Zergling x4  
  97  6:23  Roach x2  
  113  6:38  Zergling x12  
  113  6:39  Zergling x6  
  121  6:51  Overlord  
  121  6:58  Zergling x16  
  129  7:01  Overlord  
  129  7:03  Overlord  
  129  7:13  Ravager x4  
  129  7:14  Ravager  
  134  7:15  Zergling x2  
  134  7:16  Zergling x4  
  136  7:26  Roach x3, Zergling x4  
  136  7:27  Zergling x6  
  145  7:36  Zergling x2  
  145  7:37  Zergling x10  
  144  7:45  Roach x3  
  144  7:46  Roach  
  134  7:53  Roach  
  134  7:54  Roach  
  134  7:56  Roach  
  106  7:59  Roach  
  79  8:07  Roach  
  79  8:08  Roach  
  79  8:10  Roach x2  
  79  8:11  Roach  
  87  8:17  Roach x6  
  99  8:27  Roach x3, Zergling x2  
  105  8:33  Roach x2  
  98  8:37  Roach  
Tags
 
Add a new tag
Caveats
  • Supply blocks, unpowered buildings, or Contaminate may cause inaccurate times.
  • Supply counts are checked every 10 seconds.